 Dungeon Crawl Stone Soup version 0.28-a0-1117-g0bdd5ba030 (webtiles) character file.

Game seed: 15833082108832896499

69 SensoryNuts the Skirmisher (level 4, -9/38 (40) HPs)
             Began as a Draconian Fighter on Dec 11, 2021.
             Was an Initiate of Yredelemnul.
             Mangled by an ogre (17 damage)
             ... on level 4 of the Dungeon.
             The game lasted 00:04:54 (2830 turns).

SensoryNuts the Skirmisher (Draconian Fighter)      Turns: 2830, Time: 00:04:54

HP:   -9/38 (40)    AC:  5    Str: 20    XL:     4   Next: 2%
MP:   2/4           EV: 12    Int:  8    God:    Yredelemnul [......]
Gold: 283           SH:  4    Dex: 11    Spells: 2/3 levels left

rFire   . . .      SeeInvis .   a - +0 flail
rCold   . . .      Faith    .   b - +0 buckler
rNeg    . . .      Spirit   .   (armour unavailable)
rPois   .          Reflect  .   (helmet restricted)
rElec   .          Harm     .   (no cloak)
rCorr   .          Rampage  .   (no gloves)
Will    .....                   (no boots)
Stlth   +.........              (no amulet)
HPRegen 0.12/turn               g - ring of flight
MPRegen 0.09/turn               (no ring)

@: mighty, flying, drained
A: AC +5, unfitting armour, cold-blooded
a: Renounce Religion, Recall Undead Harvest


You were on level 4 of the Dungeon.
You worshipped Yredelemnul.
Yredelemnul was noncommittal.
You visited 1 branch of the dungeon, and saw 4 of its levels.

You collected 283 gold pieces.

Inventory:

Hand Weapons
 a - a +0 flail (weapon)
Armour
 b - a +0 buckler (worn)
Jewellery
 g - a ring of flight (left hand)
Scrolls
 d - 2 scrolls of identify {unknown}
 h - a scroll of torment {unknown}
 i - 2 scrolls of enchant armour {unknown}
 j - a scroll of noise {unknown}
 k - a scroll of brand weapon {unknown}
 m - a scroll of acquirement {unknown}
 n - a scroll of teleportation {unknown}
Potions
 c - a potion of might
 e - a potion of degeneration {unknown}
 f - a potion of curing {unknown}
 l - a potion of brilliance {unknown}
 o - a potion of haste {unknown}


   Skills:
 + Level 3.8 Fighting
 + Level 3.0 Maces & Flails
 + Level 3.2 Dodging
 + Level 0.3 Stealth
 + Level 3.2 Shields


You had 2 spell levels left.
You knew the following spells:

 Your Spells              Type           Power      Damage    Failure   Level
a - Magic Dart            Conj           0%         1d3       43%         1

Your spell library contained the following spells:

 Spells                   Type           Power      Damage    Failure   Level


Dungeon Overview and Level Annotations

Branches:
Dungeon (4/15)
 Temple: D:4-7

Altars:
Cheibriados
Dithmenos
Gozag
Kikubaaqudgha
Sif Muna
Vehumet
Yredelemnul
Zin

Shops:
D:2 (


Innate Abilities, Weirdness & Mutations

Your plain brown scales are hard. (AC +5)
You cannot fit into any form of body armour.
You are cold-blooded and may be slowed by cold attacks.


Message History

The ogre moves out of view.
An ogre is nearby!
A necrophage comes into view.
You block the ogre's attack.
You swap places.
Your ball python zombie barely misses the ogre.
The ogre barely misses your ball python zombie.
Your ball python zombie bites the ogre.
The ogre hits your ball python zombie with a +0 giant club!!
Your ball python zombie is destroyed!
The magic dart hits the necrophage.
The necrophage is lightly damaged.
You miscast Magic Dart.
You are very lightly contaminated with residual magic.
Nothing appears to happen.
The magic dart hits the necrophage.
The necrophage is lightly damaged.
The necrophage closely misses you.
Your magical contamination has completely faded away.
Found a scroll labelled IGIDYXO FEYTET.
You hit the ogre.
Your tail-slap misses the ogre.
The ogre is lightly wounded.
The ogre hits you with a +0 giant club! The necrophage hits you.
You hit the ogre.
The ogre is moderately wounded.
The ogre barely misses you. The necrophage closely misses you.
You hit the ogre.
The ogre is moderately wounded.
The necrophage closely misses you. The ogre hits you with a +0 giant club!
The necrophage hits you.
* * * LOW HITPOINT WARNING * * *
You feel drained.
* * * LOW HITPOINT WARNING * * *
You feel very mighty all of a sudden. You block the ogre's attack.
You block the necrophage's attack.
You completely miss the ogre.
The ogre is moderately wounded.
The ogre hits you with a +0 giant club!
You die...
Your body rises from the dead as a mindless zombie.

#######........#...###.
#...###........#..##..
.....#................
#.>................#
####....##.........#
#.....##.........##
#.....##...##.....####
##..#.##..###nO.......
#...........#.@.......
#...............#?####
##.............## # .
#............<.## ..
#####..(.........# ##...
#.##.............# #.....
###........##......###....##
#...........................
.......................#..


You could see an ogre and a necrophage.

Vanquished Creatures
  2 worms (D:2)
  2 dart slugs (D:3)
  4 ball pythons
  9 endoplasms
  A giant cockroach (D:1)
  6 goblins
  7 hobgoblins
  2 jackals (D:2)
  3 quokkas (D:2)
  3 bats (D:3)
  4 frilled lizards
  6 kobolds
  5 rats
54 creatures vanquished.

Vanquished Creatures (collateral kills)
  A rat (D:3)
1 creature vanquished.

Vanquished Creatures (others)
  A ball python zombie (D:4)
  2 plants (D:4)
3 creatures vanquished.

Grand Total: 58 creatures vanquished

Notes
Turn   | Place    | Note
-------+----------+-------------------------------------------
     0 | D:1      | SensoryNuts the Draconian Fighter began the quest for the
                  | Orb.
     0 | D:1      | Reached XP level 1. HP: 19/19 MP: 1/1
   423 | D:1      | Reached XP level 2. HP: 26/26 MP: 2/2
  1138 | D:1      | Found a faded altar of an unknown god.
  1210 | D:1      | Prayed at the altar of an unknown god.
  1210 | D:1      | Became a worshipper of Vehumet
  1210 | D:1      | Reached * piety under Vehumet
  1210 | D:1      | Offered knowledge of Magic Dart by Vehumet.
  1229 | D:1      | Learned a level 1 spell: Magic Dart
  1529 | D:2      | Reached XP level 3. HP: 31/33 MP: 1/3
  2067 | D:2      | Found Lonieges's Antique Weapon Emporium.
  2267 | D:3      | Found a shadowy altar of Dithmenos.
  2269 | D:3      | Found an ancient bone altar of Kikubaaqudgha.
  2271 | D:3      | Found a shimmering blue altar of Sif Muna.
  2271 | D:3      | Found a snail-covered altar of Cheibriados.
  2283 | D:3      | Found a basalt altar of Yredelemnul.
  2283 | D:3      | Found a glowing silver altar of Zin.
  2284 | D:3      | Found an opulent altar of Gozag.
  2306 | D:3      | Fell from the grace of Vehumet
  2306 | D:3      | Became a worshipper of Yredelemnul the Dark
  2666 | D:3      | Reached * piety under Yredelemnul
  2669 | D:3      | Reached XP level 4. HP: 40/40 MP: 4/4
  2804 | D:4      | Noticed an ogre
  2806 | D:4      | Noticed a necrophage
  2830 | D:4      | Mangled by an ogre

Illustrated notes

Levels and vault maps discovered:
D:1:      moated_graveyard_arrival, layout_basic,
          hellmonk_ecumenical_altar_run_dry, kennysheep_flooded_box
D:2:      layout_loops_cross, serial_shops, shop_coins
D:3:      layout_rooms, grunt_temple_overflow_open, minmay_misc_feat_nine_boxes
D:4:      wad_lake_hut, layout_cave_pools

Skill      XL: |  1  2  3 |
---------------+----------+-----
Dodging        | 3 |  3.2
Maces & Flails | 3 |  3.0
Fighting       | |  3.8
Stealth        | |  0.3
Shields        | |  3.2

Action                   |  1- 3 |  4- 6 || total
-------------------------+-------+-------++-------
Melee: Flail             |   130 |     5 ||   135
       Tailslap          |    14 |       ||    14
 Cast: Magic Dart        |     3 |     2 ||     5
  Use: Potion            |       |     1 ||     1
 Stab: Sleeping          |     1 |       ||     1
Armor: Skin              |    45 |     1 ||    46
Dodge: Dodged            |    67 |     4 ||    71
Block: Buckler           |    26 |     4 ||    30

Table legend: (Time is in decaauts)
 A = Elapsed time spent in this place.
 B = Non-inter-level travel time spent in this place.
 C = Inter-level travel time spent in this place.
 D = Time resting spent in this place.
 E = Time spent auto-exploring this place.
 F = Levels seen in this place.
 G = Mean time per level.
                   A        B        C        D        E       F      G
               +--------+--------+--------+--------+--------+-----+--------+
         Total |   2870 |   2870 |      0 |      0 |   2289 |   4 |  717.5 |
       Dungeon |   2870 |   2870 |      0 |      0 |   2289 |   4 |  717.5 |
               +--------+--------+--------+--------+--------+-----+--------+

Top non-repeatable levels by time:
     D:1: 1283 daAuts
     D:2: 991 daAuts
     D:3: 509 daAuts
     D:4: 85 daAuts
